 Dungeon Crawl Stone Soup version 0.25.1-2-g60ff931df9 (webtiles) character file.

Game seed: 1164773513272567915

214 Ivernyr the Sneak (level 5, -4/42 HPs)
             Began as a Naga Enchanter on Oct 13, 2020.
             Slain by Crazy Yiuf
             ... wielding a +3 quarterstaff of chaos
              (13 damage)
             ... on level 3 of the Dungeon.
             The game lasted 00:10:49 (3390 turns).

Ivernyr the Sneak (Naga Enchanter)                  Turns: 3390, Time: 00:10:50

Health: -4/42      AC: 10    Str: 10    XL:     5   Next: 91%
Magic:  1/9        EV:  9    Int: 17    God:
Gold:   134        SH:  0    Dex: 11    Spells: 7/10 levels left

rFire    . . .     SeeInvis +   a - +2 dagger (protect)
rCold    . . .     Gourm    .   (no shield)
rNeg     . . .     Faith    .   b - +0 robe
rPois    +         Spirit   .   g - +0 helmet
rElec    .         Reflect  .   (no cloak)
rCorr    .         Harm     .   (no gloves)
MR       .....                  (no barding)
Stlth    +++.......             (no amulet)
HPRegen  0.14/turn              (no ring)
MPRegen  0.11/turn              (no ring)

@: protection aura, very slightly contaminated, lightly drained, very slow
A: large, see invisible, deformed body, poison resistance, slowness 2, slow
metabolism 1, spit poison 1, AC +1
a: Spit Poison


You were on level 3 of the Dungeon.
You were hungry.

You visited 1 branch of the dungeon, and saw 3 of its levels.

You collected 134 gold pieces.

Inventory:

Hand Weapons
 a - a +2 dagger of protection (weapon)
Missiles
 c - 8 poisoned darts (quivered)
Armour
 b - a +0 robe (worn)
 g - a +0 helmet (worn)
 j - a +0 buckler
Wands
 s - a wand of iceblast (11)
Scrolls
 e - 5 scrolls of remove curse {unknown}
 h - a scroll of teleportation {unknown}
 i - 5 scrolls of identify {unknown}
 o - 2 scrolls of fog {unknown}
 p - 3 scrolls of enchant armour {unknown}
Potions
 f - a potion of invisibility {unknown}
 k - a potion of cancellation {unknown}
 l - a potion of resistance {unknown}
 m - 2 potions of stabbing {unknown}
 n - a potion of heal wounds
 q - a potion of might {unknown}
 r - a potion of curing {unknown}
Comestibles
 d - 9 rations


   Skills:
 - Level 1.3(0.9) Short Blades
 - Level 1.5(1.2) Dodging
 * Level 7.1(6.8) Stealth
 + Level 1.5(1.2) Shields
 + Level 3.0(2.6) Spellcasting
 + Level 3.8(3.5) Hexes


You had 7 spell levels left.
You knew the following spells:

 Your Spells              Type           Power        Failure   Level  Hunger
a - Corona                Hex            ##.....      4%          1    #......
b - Ensorcelled Hibernat  Hex/Ice        #.....       13%         2    ##.....

Your spell library contained the following spells:

 Spells                   Type           Power        Failure   Level  Hunger
 Confusing Touch          Hex            ##......     13%         3    ###....
 Tukima's Dance           Hex            ##......     13%         3    ###....
 Dazzling Flash           Conj/Hex       #.....       26%         3    ###....


Dungeon Overview and Level Annotations

Branches:
Dungeon (3/15)

Altars:

Annotations:
D:3 Crazy Yiuf


Innate Abilities, Weirdness & Mutations

You cannot wear boots.
Your serpentine skin is tough. (AC +1)
You have supernaturally acute eyesight. (SInv)
Armour fits poorly on your strangely shaped body.
Your system is resistant to poisons. (rPois)
You cover ground very slowly.
You have a slow metabolism.
You can spit poison.


Message History

Casting: Ensorcelled Hibernation (safe; 12% risk of failure)
Confirm with . or Enter, or press ? or * to list all spells.
Aiming: Ensorcelled Hibernation (safe; 12% risk of failure)
Press: ? - help, Shift-Dir - straight line, f/p - Crazy Yiuf
Aim: Crazy Yiuf, wielding a +3 quarterstaff of chaos and wearing a +1 cloak of magic resistance (chance to defeat MR: 18%) Crazy Yiuf resists with almost no effort.
Crazy Yiuf yells, "Gum Hive Xom!"
Crazy Yiuf hits you with a +3 quarterstaff of chaos!
Crazy Yiuf burns you.
You closely miss Crazy Yiuf.
Crazy Yiuf hits you with a +3 quarterstaff of chaos!
* * * LOW HITPOINT WARNING * * *
You feel drained.
You hit Crazy Yiuf.
Your weapon exudes an aura of protection.
Crazy Yiuf is lightly wounded.
Crazy Yiuf hits you with a +3 quarterstaff of chaos.
* * * LOW HITPOINT WARNING * * *
You are electrocuted!
You die...

###### .....#
.###.# .# #.# .#
#.####### ### .#
#.##..#.## ###..)#
.#
#.#......####@g...#
##
#.........#..##...#
#####.#..#.### ###
########


You could see Crazy Yiuf.

Vanquished Creatures
  Ijyb (D:3)
  Natasha (twice) (D:3)
  3 gnolls (D:3)
  5 adders
  An ooze (D:3)
  An adder zombie (D:3)
  2 worms
  An orc (D:3)
  3 giant cockroaches
  11 goblins
  3 hobgoblins (D:2)
  6 kobolds
  7 ball pythons (D:2)
  7 bats
  2 frilled lizards
  A leopard gecko skeleton (D:3)
  5 rats
61 creatures vanquished.

Notes
Turn   | Place    | Note
-------+----------+-------------------------------------------
     0 | D:1      | Ivernyr the Naga Enchanter began the quest for the Orb.
     0 | D:1      | Reached XP level 1. HP: 15/15 MP: 3/3
   483 | D:1      | Reached XP level 2. HP: 22/22 MP: 5/5
   487 | D:1      | Learned a level 2 spell: Ensorcelled Hibernation
   863 | D:1      | Reached skill level 5 in Stealth
  1496 | D:2      | Reached XP level 3. HP: 27/28 MP: 4/6
  1920 | D:2      | Reached XP level 4. HP: 28/36 MP: 1/7
  2181 | D:2      | Reached skill level 6 in Stealth
  2181 | D:2      | Reached skill level 1 in Shields
  2550 | D:3      | Reached XP level 5. HP: 16/42 MP: 1/9
  3034 | D:3      | Noticed Natasha
  3040 | D:3      | Noticed Ijyb
  3041 | D:3      | Killed Natasha
  3045 | D:3      | Killed Ijyb
  3114 | D:3      | Noticed Natasha
  3124 | D:3      | Killed Natasha
  3124 | D:3      | Reached skill level 7 in Stealth
  3380 | D:3      | Found a runed translucent door.
  3381 | D:3      | Noticed Crazy Yiuf
  3390 | D:3      | Slain by Crazy Yiuf

Illustrated notes

Levels and vault maps discovered:
D:1:      dpeg_arrival_round_a, layout_loops_ring
D:2:      layout_rooms, minmay_shallow_snake_nest
D:3:      cheibrodos_old_hovel, layout_loops_ring, minmay_misc_feat_five,
          uniq_ijyb, uniq_natasha, uniq_crazy_yiuf_cottage

Skill      XL: |  1  2  3  4  5 |
---------------+----------------+-----
Stealth        | 5 6 7 |  7.1
Shields        | 1 |  1.5
Spellcasting   | 3 |  3.0
Short Blades   | |  1.3
Dodging        | |  1.5
Hexes          | |  3.8

Action                   |  1- 3 |  4- 6 || total
-------------------------+-------+-------++-------
Melee: Dagger            |    97 |    83 ||   180
 Cast: Corona            |    13 |       ||    13
       Ensorcelled Hiber |    10 |    12 ||    22
 Abil: Spit Poison       |     4 |     2 ||     6
 Stab: Sleeping          |    11 |    13 ||    24
  Eat: Chunk             |     3 |     4 ||     7
Armor: Robe              |    29 |    35 ||    64
Dodge: Dodged            |    57 |    40 ||    97
